 Dungeon Crawl Stone Soup version 0.21.1-1-g345015f (webtiles) character file.

4846 spiff the Zephyrmancer (level 10, 0/63 HPs)
             Began as a Tengu Air Elementalist on July 25, 2018.
             Was a Priest of Vehumet.
             Killed from afar by TheNamelessOne's ghost (6 damage)
             ... with a stone arrow
             ... on level 8 of the Dungeon.
             The game lasted 00:37:33 (11746 turns).

spiff the Zephyrmancer (Tengu Air Elementalist)    Turns: 11746, Time: 00:37:34

Health: 0/63       AC: 10    Str:  8    XL:     10   Next: 49%
Magic:  1/21       EV: 17    Int: 19    God:    Vehumet [***...]
Gold:   18         SH:  5    Dex: 18    Spells: 10/22 levels left

rFire    + . .     SeeInvis .   h - +1 dagger (freeze)
rCold    . . .     Gourm    .   y - +0 buckler {AC+3}
rNeg     . . .     Faith    .   F - +3 robe of the Alphagorgon {rPois rF+}
rPois    +         Spirit   .   (helmet restricted)
rElec    .         Reflect  .   v - +0 cloak
rCorr    .         Harm     .   w - +0 pair of gloves
MR       .....                  (boots unavailable)
Stlth    ++........             k - amulet of regeneration
HPRegen  0.60/turn              p - +3 ring of dexterity
MPRegen  0.17/turn              (no ring)

@: about to teleport
A: beak, talons 3, able to fly 1
a: Fly, Renounce Religion


You were on level 8 of the Dungeon.
You worshipped Vehumet.
Vehumet was most pleased with you.
You were very hungry.

You visited 1 branch of the dungeon, and saw 8 of its levels.

You collected 269 gold pieces.
You spent 251 gold pieces at shops.

Inventory:

Hand Weapons
 h - a +1 dagger of freezing (weapon)
Armour
 f - a scarf of resistance
 v - a +0 cloak (worn)
 w - a +0 pair of gloves (worn)
 y - a +0 buckler of protection (worn)
 F - the +3 robe of the Alphagorgon (worn) {rPois rF+}
   (You bought it in a shop on level 6 of the Dungeon)

   It protects you from fire.
   It protects you from poison.
Magical Staves
 q - an uncursed staff of poison
Jewellery
 k - an amulet of regeneration (around neck)
 p - a +3 ring of dexterity (left hand)
 x - an uncursed amulet of guardian spirit
Wands
 t - a wand of random effects (26)
 u - a wand of flame (37)
Scrolls
 g - a scroll of blinking
 j - a scroll of teleportation
 m - 4 scrolls of remove curse
 o - 2 scrolls of fear
 s - 2 scrolls of amnesia {unknown}
 B - a scroll of enchant weapon
 C - a scroll of acquirement {unknown}
 D - 3 scrolls of identify
Potions
 d - a potion of mutation
 e - 3 potions of heal wounds
 i - 4 potions of curing
 l - a potion of brilliance
 n - a potion of resistance {unknown}
 r - 4 potions of degeneration {unknown}
 z - a potion of ambrosia {unknown}
 A - 2 potions of might {unknown}
Books
 b - a book of Air

   Spells                             Type                      Level
   a - Shock                          Conjuration/Air              1
   b - Swiftness                      Charms/Air                   2
   c - Static Discharge               Conjuration/Air              3
   d - Airstrike                      Air                          4
   e - Lightning Bolt                 Conjuration/Air              5
 E - a book of Maledictions

   Spells                             Type                      Level
   a - Corona                         Hexes                        1
   b - Ensorcelled Hibernation        Hexes/Ice                    2
   c - Confuse                        Hexes                        3
   d - Tukima's Dance                 Hexes                        3
   e - Dazzling Spray                 Conjuration/Hexes            3
Comestibles
 c - 19 rations


   Skills:
 + Level 7.5 Fighting
 + Level 7.2 Dodging
 - Level 2.0 Stealth
 - Level 4.1 Shields
 + Level 6.7 Spellcasting
 - Level 5.1 Conjurations
 - Level 10.0 Air Magic


You had 10 spell levels left.
You knew the following spells:

 Your Spells              Type           Power        Failure   Level  Hunger
a - Shock                 Conj/Air       ####         1%          1    None
b - Swiftness             Chrm/Air       ####....     1%          2    None
c - Airstrike             Air            #####.....   1%          4    ####...
d - Lightning Bolt        Conj/Air       #####.....   3%          5    #####..


Dungeon Overview and Level Annotations

Branches:
Dungeon (8/15)             Temple (0/1) D:5
   Lair: D:8-11

Altars:
Ashenzari
Dithmenos
Elyvilon
Hepliaklqana
Kikubaaqudgha
Qazlal
Sif Muna
Vehumet
Wu Jian
Zin
The Shining One

Shops:
D:6 [[[?}   D:8 (

Annotations:
D:8 TheNamelessOne's ghost, novice BaEE


Innate Abilities, Weirdness & Mutations

You have a beak for a mouth.
You have claws for feet.
You can fly.


Message History

Confirm with . or Enter, or press ? or * to list all spells.
Aiming: Shock
Press: ? - help, Shift-Dir - straight line
Okay, then.
Casting: Shock
Confirm with . or Enter, or press ? or * to list all spells.
Aiming: Shock
Press: ? - help, Shift-Dir - straight line The zap hits TheNamelessOne's ghost.
TheNamelessOne's ghost is severely damaged.
The zap misses TheNamelessOne's ghost.
TheNamelessOne's ghost points at you and mumbles some strange words.
The stone arrow hits you!
Ouch! That really hurt!
* * * LOW HITPOINT WARNING * * *
As you read the scroll of teleportation, it crumbles to dust.
You feel strangely unstable.
TheNamelessOne's ghost points at you and mumbles some strange words.
The stone arrow hits you!
You die...

#.# #.# #.#
#)###### #.#
#....).# #^#
######.# #.# #.#
#.# #.# #####.#
#.# ......# #.#
......# ##@#
..(...# #.W#
......# ##[#
......##########.#
.........W....(.>#
####..############
#..# #..# #..#


You could see TheNamelessOne's ghost.

Vanquished Creatures
  A two-headed ogre (D:5)
  Pikel (D:8)
  Joseph (D:7)
  Sigmund (D:5)
  A hungry ghost (D:8)
  Eustachio (D:5)
  A wyvern (D:7)
  Menkaure (D:5)
  Duvessa (D:5)
  An orc warrior (D:7)
  An ice beast (D:5)
  A sky beast (D:7)
  2 ogres
  4 slaves (D:8)
  A black bear (D:8)
  2 centaurs (D:7)
  A big kobold (D:7)
  5 bullfrogs
  Dowan (D:5)
  4 killer bees (D:7)
  A howler monkey (D:5)
  3 crimson imps (D:7)
  A bullfrog zombie (D:6)
  7 orc wizards
  6 hounds
  A jelly (D:5)
  A centaur zombie (D:7)
  An orc priest (D:7)
  3 bullfrog skeletons
  A centaur skeleton (D:6)
  Jessica (D:2)
  Terence (D:3)
  2 iguanas
  Natasha (twice) (D:3 D:2)
  6 worker ants
  2 hound skeletons (D:6)
  A worker ant zombie (D:6)
  A gnoll (D:1)
  6 adders
  2 shadow imps
  2 oozes (D:7)
  2 adder zombies (D:6)
  An adder skeleton (D:6)
  3 worms (D:2)
  A dart slug (D:4)
  7 leopard geckos
  33 orcs
  A ball python (D:3)
  8 bats
  A giant cockroach (D:4)
  7 goblins
  10 hobgoblins
  11 jackals
  10 kobolds
  4 quokkas
  2 frilled lizards
  A leopard gecko skeleton (D:6)
  2 leopard gecko zombies (D:6)
  3 quokka zombies
  8 rats
198 creatures vanquished.

Notes
Turn   | Place    | Note
-------+----------+-------------------------------------------
     0 | D:1      | spiff the Tengu Air Elementalist began the quest for the Orb.
     0 | D:1      | Reached XP level 1. HP: 10/10 MP: 4/4
   502 | D:1      | Reached XP level 2. HP: 15/15 MP: 1/6
   532 | D:1      | Learned a level 2 spell: Swiftness
   659 | D:1      | Reached XP level 3. HP: 19/19 MP: 3/7
  1979 | D:2      | Reached XP level 4. HP: 18/24 MP: 5/9
  2387 | D:2      | Reached skill level 5 in Air Magic
  2923 | D:2      | Found a radiant altar of Vehumet.
  2934 | D:2      | Noticed Jessica
  2936 | D:2      | Became a worshipper of Vehumet
  2944 | D:2      | Killed Jessica
  3054 | D:2      | Gained mutation: You can fly. [Tengu growth]
  3054 | D:2      | Reached XP level 5. HP: 28/28 MP: 5/10
  3210 | D:2      | Found a hazy altar of Hepliaklqana.
  3459 | D:3      | Noticed Natasha
  3472 | D:3      | Killed Natasha
  3571 | D:3      | Noticed Natasha
  3596 | D:2      | Killed Natasha
  3899 | D:3      | Found a glowing silver altar of Zin.
  4059 | D:3      | Found a glowing golden altar of the Shining One.
  4106 | D:3      | Noticed Terence
  4198 | D:3      | Killed Terence
  4198 | D:3      | Reached skill level 5 in Conjurations
  4198 | D:3      | Reached XP level 6. HP: 25/32 MP: 4/13
  4722 | D:4      | Found a stormy altar of Qazlal.
  4737 | D:4      | Reached * piety under Vehumet
  4737 | D:4      | Offered knowledge of Freeze by Vehumet.
  5611 | D:4      | Reached skill level 5 in Spellcasting
  5785 | D:4      | Reached XP level 7. HP: 37/37 MP: 11/15
  5837 | D:5      | Entered Level 5 of the Dungeon
  5868 | D:5      | Noticed a two-headed ogre
  5876 | D:5      | Noticed Sigmund
  5935 | D:5      | Reached skill level 1 in Fighting
  6047 | D:5      | Found an ancient bone altar of Kikubaaqudgha.
  6062 | D:5      | Noticed Eustachio
  6075 | D:5      | Killed Eustachio
  6139 | D:5      | Found a staircase to the Ecumenical Temple.
  6167 | D:5      | Noticed Menkaure
  6196 | D:5      | Killed Menkaure
  6196 | D:5      | Reached skill level 6 in Air Magic
  6385 | D:5      | Learned a level 4 spell: Airstrike
  6391 | D:5      | Learned a level 5 spell: Lightning Bolt
  6407 | D:5      | Reached XP level 8. HP: 45/45 MP: 9/16
  6533 | D:5      | Killed Sigmund
  6574 | D:5      | Reached skill level 7 in Air Magic
  6668 | D:5      | Noticed Duvessa
  6668 | D:5      | Noticed Dowan
  6684 | D:5      | Killed Duvessa
  6684 | D:5      | Reached skill level 5 in Dodging
  6689 | D:5      | Killed Dowan
  7046 | D:5      | Killed a two-headed ogre
  7046 | D:5      | Reached skill level 5 in Fighting
  7046 | D:5      | Reached skill level 9 in Air Magic
  7046 | D:5      | Reached XP level 9. HP: 55/55 MP: 6/17
  7458 | D:5      | Reached ** piety under Vehumet
  7561 | D:6      | Found Faank's Armour Boutique.
  7565 | D:6      | Bought a +0 buckler of protection for 126 gold pieces
  7653 | D:6      | Offered knowledge of Flame Tongue by Vehumet.
  7653 | D:6      | Reached skill level 1 in Shields
  7890 | D:6      | Found a white marble altar of Elyvilon.
  7921 | D:6      | Found a deep blue altar of Sif Muna.
  7929 | D:6      | Found Muts's Antique Armour Shop.
  8055 | D:6      | Reached skill level 10 in Air Magic
  8091 | D:6      | Found a shattered altar of Ashenzari.
  8126 | D:6      | Found Kygg's Armour Boutique.
  8195 | D:6      | Found Jamimed's Gadget Shop.
  8264 | D:6      | Found Ippyhaci's Magic Scroll Shop.
  8338 | D:6      | Found a radiant altar of Vehumet.
  8535 | D:7      | Noticed Joseph
  8647 | D:7      | Offered knowledge of Ignite Poison by Vehumet.
  8769 | D:7      | Reached *** piety under Vehumet
  8831 | D:7      | Found an ornate altar of the Wu Jian Council.
  9237 | D:7      | Found a shadowy altar of Dithmenos.
  9456 | D:7      | Killed Joseph
  9456 | D:7      | Reached XP level 10. HP: 48/61 MP: 0/20
  9468 | D:7      | Offered knowledge of Mephitic Cloud by Vehumet.
 10064 | D:8      | Noticed TheNamelessOne's ghost (novice BaEE)
 10069 | D:8      | Noticed Pikel
 10450 | D:8      | Found Jonyw's Weapon Shop.
 10522 | D:6      | Bought a faintly glowing robe for 125 gold pieces
 10532 | D:6      | Identified the +3 robe of the Alphagorgon {rPois rF+} (You bought it in a shop on level 6 of the Dungeon)
 11594 | D:8      | Killed Pikel
 11746 | D:8      | Killed from afar by TheNamelessOne's ghost

Skill      XL: |  1  2  3  4  5  6  7  8  9 10 |
---------------+-------------------------------+-----
Conjurations   | 2 3 5 |  5.1
Air Magic      | 5 6 9 10 | 10.0
Spellcasting   | 3 4 5 6 |  6.7
Fighting       | 2 5 6 7 |  7.5
Dodging        | 4 5 6 7 |  7.2
Shields        | 4 |  4.1
Stealth        | |  2.0

Action                   |  1- 3 |  4- 6 |  7- 9 | 10-12 || total
-------------------------+-------+-------+-------+-------++-------
Melee: Unarmed           |     3 |       |       |       ||     3
       Kick              |     3 |     2 |    10 |    10 ||    25
       Dagger            |     3 |    20 |    38 |    23 ||    84
       Peck              |       |       |     9 |     4 ||    13
 Cast: Shock             |    57 |   105 |   205 |    72 ||   439
       Swiftness         |       |     1 |     1 |     2 ||     4
       Lightning Bolt    |       |       |    17 |    19 ||    36
       Airstrike         |       |       |     2 |     1 ||     3
  Use: Scroll            |     2 |       |    10 |     3 ||    15
 Stab: Sleeping          |       |     1 |       |     1 ||     2
  Eat: Chunk             |     4 |    11 |     7 |     9 ||    31
       Ration            |       |       |     3 |     1 ||     4
Armor: Robe              |     2 |     4 |    18 |     7 ||    31
Dodge: Dodged            |     8 |    40 |    84 |    28 ||   160
Block: Buckler           |       |       |    15 |    13 ||    28
